 Dungeon Crawl Stone Soup version 0.27-a0-1378-gdefffd1ff6 (webtiles) character file.

Game seed: 18283540979660449688

1550850 ABBCCCDDDD the Slayer (level 27, 164/256 HPs)
             Began as a Palentonga Fighter on June 29, 2021.
             Was a High Priest of Okawaru.
             Escaped with the Orb
             ... and 3 runes!
             The game lasted 05:32:16 (97757 turns).

ABBCCCDDDD the Slayer (Palentonga Fighter)         Turns: 97757, Time: 05:32:17

Health: 164/256    AC: 51    Str: 24    XL:     27
Magic:  37/37      EV: 11    Int: 18    God:    Okawaru [*****.]
Gold:   8615       SH: 26    Dex: 24    Spells: 36/46 levels left

rFire    + + +     SeeInvis +   E - +7 demon whip "Puuniseb" {pain, Will+ rCorr Str-3 Dex+3}
rCold    + + .     Faith    .   Y - +0 tower shield {AC+3}
rNeg     + + .     Spirit   .   c - +11 gold dragon scales
rPois    +         Reflect  +   b - -2 hat of the Alchemist {rElec rPois rF+ rC+ rN+ Will+ rMut rCorr}
rElec    +         Harm     .   S - +2 cloak {Will+}
rCorr    +         Rampage  .   h - +2 pair of gloves of Okawaru's Grace {Str+3}
rMut     +                      T - +6 lightning scales {swift rElec}
Will     +++++                  x - amulet "Bomeoles" {Reflect Will+ Dex+4 Slay+2 SH+5}
Stlth    ..........             k - ring of the Equinox {Fly rF++}
HPRegen  0.52/turn              v - ring of Xuarch {rN+ Int+3 Dex+3}
MPRegen  0.25/turn

@: flying, studying 3 skills, quick
A: large, rugged brown scales 3, see invisible, deformed body, roll 2, armoured
tail, reflexive curl, agile 1, no potion heal 2
0: Orb of Zot
}: 3/15 runes: barnacled, slimy, gossamer
a: Rolling Charge, Renounce Religion, Heroism, Finesse


You escaped.
You worshipped Okawaru.
Okawaru was extremely pleased with you.
You visited 11 branches of the dungeon, and saw 54 of its levels.
You visited the Abyss 1 time.
You also visited: Ice Cave, Volcano and Wizlab.

You collected 8898 gold pieces.
You spent 283 gold pieces at shops.

Inventory:

Hand Weapons
 e - a +5 vorpal demon whip
 E - the +7 demon whip "Puuniseb" (weapon) {pain, Will+ rCorr Str-3 Dex+3}
   (Okawaru gifted it to you on level 6 of the Lair of Beasts)

   In the hands of one skilled in necromantic magic, it inflicts extra damage on
   living creatures.
   Str:       It affects your strength (-3).
   Dex:       It affects your dexterity (+3).
   rCorr:     It protects you from acid and corrosion.
   Will:      It increases your willpower.
Missiles
 t - 5 curare-tipped darts
 u - 6 atropa-tipped darts
 O - 9 throwing nets (quivered)
Armour
 b - the -2 hat of the Alchemist (worn) {rElec rPois rF+ rC+ rN+ Will+ rMut rCorr}
   (You found it on level 3 of the Shoals)

   rF:        It protects you from fire.
   rC:        It protects you from cold.
   rElec:     It insulates you from electricity.
   rPois:     It protects you from poison.
   rN:        It protects you from negative energy.
   rCorr:     It protects you from acid and corrosion.
   rMut:      It protects you from mutation.
   Will:      It increases your willpower.
 c - +11 gold dragon scales (worn)
 h - the +2 pair of gloves of Okawaru's Grace (worn) {Str+3}
   (Okawaru gifted it to you on level 5 of the Pits of Slime)

   Str:       It affects your strength (+3).
 j - a scarf of resistance
 o - the +0 pair of gloves of Vehumet's Outrage {rC++ rN+ MP-9 Dex+2}
   (You acquired it on level 4 of the Depths)

   Dex:       It affects your dexterity (+2).
   rC:        It greatly protects you from cold.
   rN:        It protects you from negative energy.
   MP:        It affects your magic capacity (-9).
 z - the +0 barding of Cosipt {rC+++ Regen+ Str-3 Int-2}
   (Okawaru gifted it to you on level 3 of the Abyss)

   Str:       It affects your strength (-3).
   Int:       It affects your intelligence (-2).
   rC:        It renders you almost immune to cold.
   Regen:     It increases your rate of health regeneration.
 S - a +2 cloak of willpower (worn)
 T - the +6 lightning scales (worn) {swift rElec}
   (You found it on level 5 of the Pits of Slime)

   rElec:     It insulates you from electricity.
 Y - a +0 tower shield of protection (worn)
Jewellery
 k - the ring of the Equinox (left hand) {Fly rF++}
   (You acquired it on level 14 of the Dungeon)

   [ring of flight]

   rF:        It greatly protects you from fire.
   Fly:       It grants you flight.
 v - the ring of Xuarch (right hand) {rN+ Int+3 Dex+3}
   (You took it off a deep elf blademaster on level 2 of the Elven Halls)

   [ring of positive energy]

   Int:       It affects your intelligence (+3).
   Dex:       It affects your dexterity (+3).
   rN:        It protects you from negative energy.
 x - the amulet "Bomeoles" (around neck) {Reflect Will+ Dex+4 Slay+2 SH+5}
   (You found it on level 5 of the Pits of Slime)

   [amulet of reflection]

   It reflects blocked missile attacks.Dex: It affects your dexterity (+4).
   Slay:      It affects your accuracy & damage with ranged weapons and melee
   (+2).
   SH:        It affects your SH (+5).
   Will:      It increases your willpower.
 C - the ring of Ykuax {*Slow Str-2 Int+10 Slay+4 Stlth+}
   (You found it on level 1 of the Spider Nest)

   [ring of slaying]

   Str:       It affects your strength (-2).
   Int:       It affects your intelligence (+10).
   Slay:      It affects your accuracy & damage with ranged weapons and melee
   (+4).
   *Slow:     It may slow you when you take damage.
   Stlth:     It makes you more stealthy.
Wands
 a - a wand of iceblast (37)
 f - a wand of mindburst (26)
 B - a wand of paralysis (41)
 I - a wand of acid (13)
 J - a wand of digging (24)
 U - a wand of flame (105)
Scrolls
 i - 3 scrolls of fog
 m - 7 scrolls of fear
 n - 8 scrolls of identify
 p - 2 scrolls of magic mapping
 r - 9 scrolls of enchant weapon
 s - 5 scrolls of teleportation
 w - 5 scrolls of silence
 G - 7 scrolls of immolation
 K - a scroll of blinking
 V - 3 scrolls of holy word
Potions
 d - 7 potions of might
 g - 12 potions of curing
 l - 3 potions of invisibility
 A - 9 potions of ambrosia
 D - 8 potions of brilliance
 H - 2 potions of heal wounds
 L - 2 potions of magic
 M - 6 potions of haste
 N - 2 potions of cancellation
 P - 4 potions of resistance
 R - a potion of berserk rage
Miscellaneous
 q - a piece from Xom's chessboard (15/15)
 y - a tin of tremorstones (2/2)
 F - a lightning rod (4/4)
 Q - a condenser vane
 W - a phantom mirror
 X - a phantom mirror


   Skills:
 + Level 24.8 Fighting
 - Level 12.9 Maces & Flails
 + Level 17.2 Armour
 + Level 17.2 Dodging
 - Level 15.0 Shields
 - Level 10.0 Spellcasting
 * Level 16.6 Necromancy
 - Level 14.0 Translocations
 - Level 7.0 Air Magic
 - Level 12.0 Invocations
 - Level 16.0 Evocations


You had 36 spell levels left.
You knew the following spells:

 Your Spells              Type           Power      Damage    Failure   Level
a - Apportation           Tloc           100%       N/A       1%          1
b - Swiftness             Air            34%        N/A       30%         3
c - Blink                 Tloc           N/A        N/A       1%          2
d - Passage of Golubria   Tloc           N/A        N/A       5%          4

Your spell library contained the following spells:

 Spells                   Type           Power      Damage    Failure   Level
 Animate Skeleton         Necr           100%       N/A       1%          1
 Pain                     Necr           100%       1d9       1%          1
 Sublimation of Blood     Necr           31%        N/A       1%          2
 Gell's Gravitas          Tloc           28%        N/A       1%          3
 Vampiric Draining        Necr           31%        2d10      1%          3
 Animate Dead             Necr           31%        N/A       1%          4
 Dispel Undead            Necr           62%        3d22      1%          4
 Corpse Rot               Necr/Air       N/A        N/A       2%          2
 Agony                    Necr           62%        N/A       5%          5
 Excruciating Wounds      Necr           31%        N/A       5%          5
 Manifold Assault         Tloc           56%        N/A       16%         5
 Portal Projectile        Hex/Tloc       68%        N/A       30%         3
 Shock                    Conj/Air       84%        1d8       38%         1
 Poisonous Vapours        Pois/Air       42%        N/A       54%         2
 Static Discharge         Conj/Air       21%        N/A       54%         2
 Dispersal                Tloc           28%        N/A       65%         6
 Airstrike                Air            17%        N/A       69%         4
 Iskenderun's Mystic Bla  Conj/Tloc      34%        2d8       69%         4
 Borgnjor's Vile Clutch   Necr/Erth      19%        N/A       86%         5
 Beastly Appendage        Tmut           18%        N/A       87%         1
 Corona                   Hex            10%        N/A       87%         1
 Foxfire                  Conj/Fire      36%        2x1d5     87%         1
 Freeze                   Ice            36%        1d6       87%         1
 Magic Dart               Conj           36%        1d4       87%         1
 Sting                    Tmut/Pois      36%        1d4       87%         1
 Mephitic Cloud           Conj/Pois/Air  17%        N/A       91%         3
 Call Imp                 Summ           9%         N/A       95%         2
 Ensorcelled Hibernation  Hex/Ice        18%        N/A       95%         2
 Passwall                 Tmut/Erth      7%         N/A       95%         2
 Searing Ray              Conj           18%        3d3       95%         2
 Slow                     Hex            9%         N/A       95%         2
 Wereblood                Tmut           9%         N/A       95%         2
 Summon Forest            Summ/Tloc      17%        N/A       95%         5
 Confusing Touch          Hex            9%         N/A       99%         3
 Conjure Flame            Conj/Fire      9%         6-21      99%         3
 Dazzling Flash           Conj/Hex       18%        N/A       99%         3
 Frozen Ramparts          Ice            18%        1d3       99%         3
 Ignite Poison            Fire/Tmut/Pois 9%         N/A       99%         3
 Inner Flame              Hex/Fire       9%         N/A       99%         3
 Ozocubu's Armour         Ice            9%         N/A       99%         3
 Spider Form              Tmut/Pois      4%         N/A       99%         3
 Stone Arrow              Conj/Erth      18%        3d8       99%         3
 Summon Lightning Spire   Summ/Air       21%        N/A       99%         4
 Animate Armour           Summ/Erth      18%        N/A       100%        4
 Cause Fear               Hex            4%         N/A       100%        4
 Fulminant Prism          Conj/Hex       4%         3d6       100%        4
 Hailstorm                Conj/Ice       9%         3d4       100%        4
 Ice Form                 Ice/Tmut       9%         N/A       100%        4
 Leda's Liquefaction      Hex/Erth       4%         N/A       100%        4
 Olgreb's Toxic Radiance  Pois           9%         N/A       100%        4
 Petrify                  Tmut/Erth      9%         N/A       100%        4
 Sticky Flame             Conj/Fire      9%         2d3       100%        4
 Bolt of Magma            Conj/Fire/Erth 4%         4d5       100%        5
 Fireball                 Conj/Fire      4%         3d4       100%        5
 Freezing Cloud           Conj/Ice/Air   8%         6-21      100%        5
 Iskenderun's Battlesphe  Conj           9%         2d6       100%        5
 Lightning Bolt           Conj/Air       10%        1d23      100%        5
 Metabolic Englaciation   Hex/Ice        4%         N/A       100%        5
 Silence                  Hex/Air        10%        N/A       100%        5
 Yara's Violent Unravell  Hex/Tmut       4%         3d4       100%        5
 Conjure Ball Lightning   Conj/Air       10%        3x3d6     100%        6
 Eringya's Noxious Bog    Tmut/Pois      4%         N/A       100%        6
 Iron Shot                Conj/Erth      4%         9d2       100%        6
 Shadow Creatures         Summ           N/A        N/A       100%        6
 Statue Form              Tmut/Erth      6%         N/A       100%        6
 Orb of Destruction       Conj           4%         9d2       100%        7
 Spellforged Servitor     Conj/Summ      4%         N/A       100%        7
 Storm Form               Tmut/Air       10%        N/A       100%        7
 Discord                  Hex            4%         N/A       100%        8
 Disjunction              Tloc           28%        N/A       100%        8
 Maxwell's Capacitive Co  Air            17%        ∞         100%        8
 Shatter                  Erth           4%         3d8*      100%        9


Dungeon Overview and Level Annotations

Branches:
Dungeon (15/15)            Temple (1/1) D:4            Lair (6/6) D:8
 Shoals (4/4) Lair:4       Spider (4/4) Lair:3        Slime (5/5) Lair:6
    Orc (2/2) D:9             Elf (3/3) Orc:2        Vaults (4/5) D:13
  Crypt (0/3) Vaults:2     Depths (5/5) D:15            Zot (5/5) Depths:5
  IceCv (visited)         Volcano (visited)          WizLab (visited)

Altars:
Ashenzari
Cheibriados
Dithmenos
Elyvilon
Fedhas
Gozag
Hepliaklqana
Kikubaaqudgha
Makhleb
Nemelex Xobeh
Okawaru
Qazlal
Ru
Sif Muna
Trog
Uskayaw
Vehumet
Wu Jian
Xom
Yredelemnul
Zin
The Shining One
Jiyva
Lugonu

Shops:
D:2 *   D:9 *   D:10 =   Orc:2 (:*   Elf:1 (   Elf:3 *   Depths:5 *

Portals:
Hell: Lair:6 Depths:1 Depths:2 Depths:4 Depths:5
Abyss: Depths:4
Pandemonium: Depths:1 Depths:3 Depths:4
Ziggurat: Depths:2
Trove: Depths:1 (give 8 scrolls of fog)

Annotations:
D:3 exclusion: downstairs
Lair:4 exclusion: oklob plant
Shoals:4 Mara
Slime:2 exclusion: upstairs
Orc:1 exclusion: downstairs
Elf:2 4 runed translucent doors
Depths:1 exclusion: orange crystal statue
Depths:4 exclusion: obsidian statue
Depths:5 exclusion: upstairs
Zot:2 5 exclusions
Zot:3 2 transporters, exclusion: upstairs, Roxtikhle's ghost, legendary OgGl
Zot:4 exclusion: upstairs
Zot:5 exclusion: upstairs


Innate Abilities, Weirdness & Mutations

You are completely covered in rugged brown scales. (AC +3, +7% HP)
You have supernaturally acute eyesight. (SInv)
Armour fits poorly on your strangely shaped body.
You can roll at foes to attack.
You have a long armoured tail.
You curl defensively after being hit.
You are agile. (Dex +2)
Potions cannot restore your health.


Message History

You block the shadow demon's attack.
You whack the shadow demon! You tail-slap the shadow demon!
The shadow demon is severely wounded.
You whack the shadow demon!
You tail-slap the shadow demon, but do no damage.
The shadow demon is almost dead.
You block the shadow demon's attack.
You hit the shadow demon but do no damage.
The shadow demon is almost dead.
You hit the shadow demon.
The shadow demon is almost dead.
The shadow demon gestures.
You closely miss the shadow demon.
The shadow demon is almost dead.
You hit the shadow demon but do no damage.
The shadow demon is almost dead.
You block the rat's attack. You block the shadow demon's attack.
You completely miss the shadow demon.
The shadow demon is almost dead.
You hit the shadow demon.
The shadow demon is almost dead.
You block the rat's attack.
The shadow demon hits you but does no damage.
You hit the shadow demon.
You kill the shadow demon!
Okawaru accepts your kill.
The rat dissolves into shadows!
There is a stone staircase leading up, spattered with blood here.
You start resting.
An Executioner comes into view.
The Executioner gives a hideous shriek!
The Executioner gestures.
The Executioner seems to speed up.
You fly upwards.
There is a stone staircase leading down here.
A hell beast comes into view.
Blink to where?
Press: ? - help, Dir - move target
As you read the scroll of blinking, it crumbles to dust.
You have escaped!

## ###..##.#...## #.# #
##..........## #.# #
#......2..≈..## #.# #
##........≈.≈..# #.#
######........≈§..≈.# ##.########
..............≈...≈.###J........#
####..........≈.......#.........#
..#...####..≈.≈.≈≈≈≈≈...........#
#...#.##...≈..≈.@....≈..........#
###...#..≈≈...[..≈....≈≈........#
#......≈....≈≈≈≈.......≈.......#
##..#....≈≈≈≈......≈≈≈≈≈...)....#
................................#
......##..........#####.........#
...........######## #.........#
........#....####### ##.########
.......#..##.......#####.#


You could see a hell beast.

Vanquished Creatures
  the Royal Jelly (Slime:5)
  Dissolution (Slime:5)
  2 dread liches
  2 ancient liches (Zot:5)
  10 orbs of fire
  A juggernaut (Depths:5)
  Boris (Depths:5)
  Bai Suzhen (Vaults:3)
  3 Killer Klowns
  Saint Roka (Elf:3)
  2 curse toes
  Nikola (Shoals:1)
  3 bone dragons
  13 golden dragons
  Arachne (Spider:4)
  3 electric golems
  4 hellephants (Zot:2)
  A Tzitzimitl (D:5)
  Rupert (D:15)
  6 liches
  12 tentacled monstrosities
  27 Orb Guardians
  Asterion (Vaults:3)
  4 deep elf blademasters
  2 deep elf master archers (Elf:3)
  5 quicksilver dragons
  9 death cobs
  18 acid blobs
  Kirke (D:13)
  10 sphinxes
  Polyphemus (Shoals:4)
  A tentacled starspawn (Abyss:3)
  6 draconian monks
  Agnes (Elf:2)
  The ghost of Appoagin the Spear-Bearer, a journeyman DrIE of Gozag (Spider:3)
  6 shadow dragons
  8 storm dragons
  3 tengu reavers
  The ghost of AmberJosephineLiu the Cruncher, an adept DjGl of Okawaru (Spider:3)
  8 draconian knights
  A fenstrider witch (shapeshifter) (Zot:2)
  4 deep elf sorcerers
  14 rockslimes
  13 vault wardens
  9 fire giants
  8 frost giants
  16 azure jellies
  An iron dragon (Depths:4)
  8 ghost moths
  An orc warlord (Orc:2)
  9 draconian scorchers
  A balrug (Depths:4)
  The ghost of Vustuapn the Pandemonic, a journeyman DDFi of Makhleb (Spider:3)
  Aizul (Elf:2)
  A cacodemon (Depths:4)
  7 draconian shifters
  3 deep elf elementalists
  36 very ugly things
  6 draconian stormcallers
  8 ironbound preservers
  11 emperor scorpions
  6 draconian annihilators
  A war gargoyle (Vaults:3)
  19 stone giants
  10 quicksilver oozes
  Nessos (D:15)
  6 vampire knights
  15 green draconians
  6 deep elf demonologists
  A lorocyproca (Abyss:3)
  6 entropy weavers
  12 black draconians
  4 starcursed masses (Abyss:3)
  3 dire elephants
  14 purple draconians
  A minotaur (shapeshifter) (Zot:2)
  9 deep elf annihilators
  23 yellow draconians
  13 white draconians
  3 deep elf death magi
  4 merfolk javelineers
  11 red draconians
  4 spark wasps
  An eidolon (Abyss:3)
  3 mummy priests (WizLab)
  Snorg (D:13)
  4 ettins
  2 blizzard demons
  3 crystal guardians
  An ettin (shapeshifter) (Zot:2)
  2 green deaths
  The ghost of fpsbossfight the Grappler, a journeyman TrAr of Uskayaw (Lair:1)
  The ghost of fpsbossfight the Grappler, a journeyman TrBe of Trog (Lair:1)
  The ghost of ma3 the Basher, a journeyman NaMo of Ru (Lair:1)
  12 fire dragons
  2 jiangshi (Depths:3)
  Josephine (Shoals:1)
  10 deep elf high priests
  Harold (D:10)
  6 merfolk impalers
  Fannar (Lair:3)
  10 great orbs of eyes
  The ghost of HoaS the Martial Artist, a journeyman DgGl (Lair:1)
  13 vault guards
  13 yaktaur captains
  10 ironbound thunderhulks
  7 boulder beetles
  3 rakshasas
  2 peacekeepers
  16 hydras
  4 merfolk avatars
  An ogre mage (D:15)
  3 spriggan air magi
  6 ice dragons
  A monstrous demonspawn (Depths:1)
  9 centaur warriors
  11 ironbound frosthearts
  5 satyrs
  A catoblepas (Shoals:4)
  4 hell beasts
  7 two-headed ogres
  Erica (D:11)
  4 alligator snapping turtles
  5 merfolk aquamancers
  14 dancing weapons
  8 deep troll shamans
  6 tengu warriors
  The ghost of fpsbossfight the Cleaver, a novice DsBe of Trog (Lair:1)
  4 vampire magi
  A death yak (shapeshifter) (Zot:2)
  11 deep troll earth magi
  4 orc high priests
  2 ironbound beastmasters
  16 hell knights
  4 spriggan berserkers
  2 thrashing horrors (Abyss:3)
  10 death yaks
  Sonja (D:13)
  7 deep elf knights
  Nergalle (Lair:2)
  A sun demon (Depths:4)
  3 sixfirhies
  A soul eater (Depths:4)
  9 iron trolls
  A shadow demon (D:2)
  15 sea snakes
  43 deep trolls
  A spark wasp zombie (WizLab)
  2 swamp dragons (Zot:4)
  3 flayed ghosts
  4 glowing orange brains
  A shadow dragon zombie (WizLab)
  A swamp dragon (shapeshifter) (Vaults:4)
  21 wizards
  12 deep elf archers
  3 lindwurms
  37 deep elf pyromancers
  An orange crystal statue (D:9)
  Pikel (D:4)
  18 ironbound convokers
  55 harpies
  5 necromancers
  An iron dragon zombie (WizLab)
  26 orb spiders
  23 deep elf zephyrmancers
  4 orc sorcerers
  4 orc knights
  An oklob plant (Lair:6)
  71 ugly things
  2 frost giant zombies (WizLab)
  4 shining eyes
  A stone giant zombie (WizLab)
  A mana viper (shapeshifter) (Elf:2)
  21 manticores
  43 fauns
  3 worldbinders (Abyss:3)
  9 cyclopes
  A fire giant zombie (WizLab)
  A shining eye (shapeshifter) (Zot:2)
  A moth of wrath (shapeshifter) (Vaults:2)
  12 merfolk sirens
  26 wolf spiders
  A demonspawn zombie (WizLab)
  10 elephants (Lair:6)
  25 moths of wrath
  2 black mambas (shapeshifter)
  5 toenail golems (Volcano)
  An eye of devastation (shapeshifter) (Zot:2)
  A rust devil (Depths:4)
  6 black mambas
  2 ice statues (IceCv)
  16 vault sentinels
  2 eyes of devastation
  Maurice (D:10)
  22 cane toads
  9 water nymphs
  3 apocalypse crabs
  A molten gargoyle (Lair:1)
  5 orange demons
  4 torpor snails
  3 smoke demons
  4 gargoyles
  A kobold demonologist (D:11)
  7 rime drakes
  2 unseen horrors
  2 ice devils (Lair:6)
  35 yaktaurs
  A yaktaur zombie (WizLab)
  3 guardian mummies (WizLab)
  10 komodo dragons
  A tengu conjurer (D:14)
  2 efreet (D:14)
  An ancient zyme (Abyss:3)
  A red devil (Depths:1)
  A hellwing (Lair:6)
  11 demonic crawlers
  8 trolls
  A hydra zombie (Abyss:3)
  19 jumping spiders
  7 wind drakes
  4 polar bears
  8 hornets
  29 merfolk
  A wolf spider simulacrum (D:14)
  20 blink frogs
  120 slime creatures
  2 dream sheep (shapeshifter)
  16 dream sheep
  2 spriggan zombies (WizLab)
  3 raiju (Abyss:3)
  9 snapping turtles
  6 large abominations
  3 air elementals
  109 redbacks
  11 water elementals
  6 wraiths
  A ynoxinul (Depths:4)
  29 tarantellas
  A shadow (D:13)
  62 yaks
  5 vampires
  7 basilisks
  4 spriggans (Depths:3)
  A fire elemental (Elf:1)
  2 neqoxecs (Depths:4)
  A golden eye (shapeshifter) (D:11)
  3 hogs (D:13)
  4 wyverns
  A golden eye (Slime:2)
  2 vampire mosquitoes
  2 chaos spawn
  6 wargs
  Menkaure (D:3)
  A gelid demonspawn zombie (WizLab)
  An acid dragon (Zot:4)
  18 water moccasins
  9 hell hounds
  3 floating eyes
  29 orc warriors
  2 sky beasts
  3 black bears
  8 ice beasts
  A necrophage (D:8)
  18 ogres
  13 wolves
  6 centaurs
  2 lemures
  The ghost of Anon1729 the Sneak, an amateur OpAE (D:3)
  11 bullfrogs
  3 earth elementals (Elf:2)
  5 small abominations (Abyss:3)
  A wyvern zombie (D:3)
  6 scorpions
  3 wights (D:8)
  2 howler monkeys (D:9)
  4 centaur zombies
  A hound (D:4)
  A centaur skeleton (D:6)
  A gnoll shaman (D:9)
  2 jellies
  11 orc priests
  Terence (D:2)
  Natasha (thrice) (D:4)
  An iguana (D:6)
  19 orc wizards
  6 hell rats
  4 killer bee zombies
  A hound zombie (D:5)
  A mummy (D:6)
  10 gnolls
  6 adders
  A howler monkey skeleton (D:7)
  18 river rats (Lair:1)
  2 white imps (D:4)
  2 ufetubi
  An adder zombie (D:5)
  An adder skeleton (D:4)
  A worm (D:2)
  3 dart slugs
  64 orcs
  5 ball pythons
  8 endoplasms
  2 giant cockroaches
  2 goblins
  5 hobgoblins
  6 jackals
  2 kobolds
  8 quokkas
  5 bats
  3 frilled lizards
  2 giant cockroach zombies (D:3)
  9 rats
2374 creatures vanquished.

Vanquished Creatures (collateral kills)
  An ironbound beastmaster (Vaults:3)
  A demonic crawler (Spider:4)
2 creatures vanquished.

Vanquished Creatures (others)
  A draconian knight (Depths:5)
  A deep elf knight (Elf:1)
  A wizard (Lair:6)
  A harpy (Shoals:4)
  A deep elf pyromancer (Elf:1)
  A wolf spider (Spider:4)
  A manticore (Shoals:1)
  A faun (Shoals:1)
  A hornet (Spider:3)
  4 humans (D:13)
  A bush (Lair:3)
  59 fungi
  169 plants
  2 starspawn tentacles (Abyss:3)
  4 withered plants (Spider:3)
248 creatures vanquished.

Grand Total: 2624 creatures vanquished

Notes
Turn   | Place    | Note
-------+----------+-------------------------------------------
     0 | D:1      | ABBCCCDDDD the Palentonga Fighter began the quest for the
                  | Orb.
     0 | D:1      | Reached XP level 1. HP: 19/19 MP: 1/1
   221 | D:1      | You fall into a shaft and drop 1 floor!
   257 | D:2      | Noticed Terence
   315 | D:2      | Found a shadowy altar of Dithmenos.
   363 | D:2      | Reached XP level 2. HP: 20/25 MP: 2/2
   821 | D:2      | Found a faded altar of an unknown god.
   930 | D:2      | Reached XP level 3. HP: 24/31 MP: 3/3
  1756 | D:2      | Found Ojesoak's General Store.
  1774 | D:2      | Bought a scroll of fog for 22 gold pieces
  1856 | D:3      | Noticed an ice beast
  2543 | D:2      | Reached XP level 4. HP: 39/39 MP: 4/4
  2922 | D:2      | Killed Terence
  2923 | D:2      | Reached skill level 4 in Fighting
  3200 | D:3      | Noticed a scorpion
  3207 | D:3      | Killed a scorpion
  3208 | D:3      | Reached XP level 5. HP: 35/46 MP: 5/5
  3606 | D:3      | Found a runed translucent gate.
  3606 | D:3      | Found a runed translucent gate.
  3606 | D:3      | Found a runed translucent gate.
  3606 | D:3      | Noticed Anon1729's ghost (amateur OpAE)
  3608 | D:3      | Found a basalt altar of Yredelemnul.
  3641 | D:3      | Found a shadowy altar of Dithmenos.
  3955 | D:4      | Noticed an ogre
  3956 | D:4      | Noticed Menkaure
  4120 | D:4      | Reached XP level 6. HP: 52/53 MP: 6/6
  4126 | D:4      | Reached skill level 5 in Fighting
  4768 | D:4      | Noticed Natasha
  4773 | D:4      | Killed Natasha
  4833 | D:4      | Noticed an ice beast
  4843 | D:4      | Killed an ice beast
  4844 | D:4      | Reached skill level 5 in Maces & Flails
  4844 | D:4      | Gained mutation: You curl defensively after being hit.
                  | [Palentonga growth]
  4844 | D:4      | Reached XP level 7. HP: 59/60 MP: 7/7
  5247 | D:4      | Noticed Natasha
  5254 | D:4      | Killed Natasha
  5255 | D:4      | Reached skill level 6 in Fighting
  5317 | D:4      | Found a staircase to the Ecumenical Temple.
  5443 | D:4      | Noticed Pikel
  5466 | D:4      | Killed Pikel
  5467 | D:4      | Reached XP level 8. HP: 38/69 MP: 8/8
  5716 | D:4      | Noticed Natasha
  5722 | D:4      | Killed Natasha
  5896 | D:5      | Entered Level 5 of the Dungeon
  5994 | D:5      | Reached skill level 7 in Fighting
  6075 | D:5      | Found an ornate altar of the Wu Jian Council.
  6341 | Temple   | Entered the Ecumenical Temple
  6386 | Temple   | Became a worshipper of Warmaster Okawaru
  6762 | D:6      | Found a snail-covered altar of Cheibriados.
  6965 | D:6      | You fall into a shaft and drop 3 floors!
  7207 | D:7      | Reached * piety under Okawaru
  7208 | D:7      | Reached skill level 8 in Fighting
  7208 | D:7      | Reached XP level 9. HP: 49/79 MP: 9/9
  7397 | D:7      | Found a radiant altar of Vehumet.
  7516 | D:7      | Found a blossoming altar of Fedhas.
  7516 | D:7      | Found a shimmering blue altar of Sif Muna.
  7569 | D:7      | Reached skill level 5 in Shields
  8332 | D:7      | Found a sacrificial altar of Ru.
  8520 | D:6      | Reached ** piety under Okawaru
  8545 | D:6      | Reached skill level 9 in Fighting
  8766 | D:6      | Found a bloodstained altar of Trog.
  8772 | D:6      | Got the Almanac of Retrieval
  8906 | D:6      | Learned a level 1 spell: Apportation
 10230 | D:8      | Found a hazy altar of Hepliaklqana.
 10343 | D:7      | Reached XP level 10. HP: 41/89 MP: 10/10
 10628 | D:8      | Reached *** piety under Okawaru
 10855 | D:8      | Found an opulent altar of Gozag.
 10855 | D:8      | Found a glowing silver altar of Zin.
 10976 | D:8      | Reached skill level 10 in Fighting
 11004 | D:8      | Found a broken altar of Ashenzari.
 11555 | D:8      | Found a staircase to the Lair.
 11910 | D:9      | Found Jalegainy's Assorted Antiques.
 11916 | D:9      | Reached skill level 10 in Maces & Flails
 11923 | D:9      | Bought an amethyst potion for 25 gold pieces
 11923 | D:9      | Bought 2 red potions for 50 gold pieces
 11923 | D:9      | Bought a scroll labelled ATZOEL GIURE for 28 gold pieces
 11923 | D:9      | Bought a pink potion for 25 gold pieces
 11991 | D:9      | Found a shimmering altar of Xom.
 12249 | D:9      | Found a staircase to the Orcish Mines.
 12472 | D:9      | Found a sparkling altar of Nemelex Xobeh.
 12618 | D:9      | Noticed an orange crystal statue
 12732 | D:10     | Entered Level 10 of the Dungeon
 12762 | D:10     | Reached skill level 1 in Invocations
 12815 | D:10     | Noticed Maurice
 12931 | Lair:1   | Entered Level 1 of the Lair of Beasts
 12948 | Lair:1   | Reached skill level 1 in Evocations
 13531 | Lair:1   | Reached **** piety under Okawaru
 13656 | Lair:1   | Found a runed translucent gate.
 13656 | Lair:1   | Found a runed translucent gate.
 13656 | Lair:1   | Found a runed translucent gate.
 13657 | Lair:1   | Noticed HoaS's ghost (journeyman DgGl)
 13657 | Lair:1   | Noticed ma3's ghost (journeyman NaMo)
 13657 | Lair:1   | Noticed fpsbossfight's ghost (novice DsBe)
 13657 | Lair:1   | Noticed fpsbossfight's ghost (journeyman TrAr)
 13657 | Lair:1   | Noticed fpsbossfight's ghost (journeyman TrBe)
 13767 | Lair:1   | Reached skill level 11 in Fighting
 14130 | Lair:1   | Noticed a molten gargoyle
 14286 | D:10     | Found Asuiq's Jewellery Shoppe.
 14368 | D:10     | Killed Maurice
 14467 | D:10     | Noticed Harold
 14979 | D:9      | Reached XP level 11. HP: 83/99 MP: 10/13
 15129 | D:10     | Noticed a two-headed ogre
 15170 | Orc:1    | Entered Level 1 of the Orcish Mines
 15387 | D:9      | Reached ***** piety under Okawaru
 15566 | D:10     | Killed a two-headed ogre
 16577 | Orc:1    | Noticed an orc sorcerer
 16590 | Orc:1    | Killed an orc sorcerer
 16609 | Orc:1    | Noticed an orc high priest
 16635 | Orc:1    | Noticed a soul eater
 16636 | Orc:1    | Killed an orc high priest
 16782 | Orc:1    | Noticed a two-headed ogre
 16800 | Orc:1    | Killed a two-headed ogre
 16801 | Orc:1    | Reached skill level 12 in Fighting
 17433 | Orc:2    | Entered Level 2 of the Orcish Mines
 17433 | Orc:2    | Found Plog's General Store.
 17434 | Orc:2    | Noticed an orc knight
 17437 | Orc:2    | Noticed an orc high priest
 17776 | Orc:1    | Killed an orc knight
 18174 | Orc:2    | Noticed an orc sorcerer
 18348 | Orc:2    | Noticed an orc sorcerer
 18357 | Orc:2    | Noticed a sixfirhy
 18361 | Orc:2    | Killed an orc sorcerer
 18380 | Orc:1    | Reached skill level 1 in Dodging
 18984 | Orc:2    | Noticed a sun demon
 19067 | Orc:2    | Noticed a soul eater
 19133 | Orc:2    | Killed an orc sorcerer
 19144 | Orc:2    | Reached skill level 5 in Evocations
 19194 | Orc:2    | Bought a potion of lignification for 45 gold pieces
 19198 | Orc:2    | Found a staircase to the Elven Halls.
 19396 | Orc:2    | Noticed a sixfirhy
 19396 | Orc:2    | Noticed an orc knight
 19397 | Orc:2    | Noticed a sixfirhy
 19515 | Orc:1    | Killed an orc knight
 19515 | Orc:1    | Identified the -5 barding of the Modern Beds {Str-4 Dex+5}
                  | (Okawaru gifted it to you on level 1 of the Orcish Mines)
 19515 | Orc:1    | Received a gift from Okawaru
 19516 | Orc:1    | Reached XP level 12. HP: 44/110 MP: 13/15
 19845 | Orc:2    | Killed an orc high priest
 19905 | Orc:2    | Noticed an orc high priest
 19913 | Orc:2    | Noticed an orc warlord
 20050 | Orc:2    | Noticed an orc high priest
 20227 | Orc:2    | Killed an orc high priest
 20614 | Orc:2    | Killed an orc warlord
 20615 | Orc:2    | Reached skill level 5 in Invocations
 20826 | Orc:2    | Found Xoce's Antique Armour Shop.
 20856 | Orc:2    | Killed an orc high priest
 20979 | Orc:2    | Found Koem Poa's Antique Weapon Shop.
 21691 | Orc:2    | Paralysed by an orc sorcerer for 7 turns
 22191 | Orc:2    | Found Plog's Book Boutique.
 23990 | Lair:2   | Noticed a five-headed hydra
 23999 | Lair:2   | Killed a five-headed hydra
 24412 | Lair:2   | Received a gift from Okawaru
 25072 | Lair:3   | Noticed Nergalle
 25072 | Lair:3   | Noticed an eight-headed hydra
 25086 | Lair:2   | Killed Nergalle
 25087 | Lair:2   | Reached skill level 5 in Armour
 25097 | Lair:3   | Killed an eight-headed hydra
 25303 | Lair:3   | Reached XP level 13. HP: 95/116 MP: 15/18
 25353 | Lair:3   | Found a dark tunnel.
 25362 | Volcano  | Entered a volcano
 25606 | Volcano  | Reached skill level 5 in Dodging
 26227 | Lair:3   | Noticed Fannar
 26769 | Lair:3   | Identified the +0 barding of the Marlin {Will++ Str+6}
                  | (Okawaru gifted it to you on level 3 of the Lair of Beasts)
 26769 | Lair:3   | Received a gift from Okawaru
 26892 | Lair:3   | Found a hole to the Spider Nest.
 27857 | Lair:3   | Killed Fannar
 28328 | Lair:4   | Found a staircase to the Shoals.
 29031 | Lair:4   | Reached skill level 13 in Fighting
 29559 | Lair:5   | Reached XP level 14. HP: 126/126 MP: 20/20
 30583 | Lair:6   | Entered Level 6 of the Lair of Beasts
 31262 | Lair:6   | Received a gift from Okawaru
 31508 | Lair:6   | Reached skill level 14 in Fighting
 32511 | Lair:6   | Identified the +7 demon whip "Puuniseb" {pain, Will+ rCorr
                  | Str-3 Dex+3} (Okawaru gifted it to you on level 6 of the
                  | Lair of Beasts)
 32511 | Lair:6   | Received a gift from Okawaru
 32593 | Lair:6   | Found a viscous altar of Jiyva.
 32593 | Lair:6   | Found a staircase to the Slime Pits.
 32783 | Lair:6   | Reached ****** piety under Okawaru
 33069 | Lair:6   | Found a burning altar of Makhleb.
 33352 | Lair:6   | Found a gateway to Hell.
 33779 | D:10     | Killed Harold
 33780 | D:10     | Reached XP level 15. HP: 128/135 MP: 20/22
 34093 | D:11     | Noticed Erica
 34109 | D:11     | Killed Erica
 35750 | D:12     | Received a gift from Okawaru
 35991 | D:13     | Noticed Kirke
 36000 | D:13     | Killed Kirke
 36001 | D:13     | Reached skill level 15 in Fighting
 36001 | D:13     | Reached skill level 10 in Invocations
 36046 | D:13     | Found a frozen archway.
 36079 | IceCv    | Entered an ice cave
 36102 | IceCv    | Found a transporter.
 36120 | IceCv    | Found a transporter.
 36430 | D:13     | Found a runed translucent door.
 36497 | D:13     | Noticed Snorg
 36510 | D:13     | Killed Snorg
 36510 | D:13     | Received a gift from Okawaru
 36520 | D:13     | Reached skill level 1 in Spellcasting
 36947 | D:13     | Found a gate to the Vaults.
 37197 | D:13     | Noticed Sonja
 37208 | D:13     | Killed Sonja
 37874 | D:14     | Found a gate leading to a gauntlet.
 37893 | D:14     | Identified a scroll of acquirement
 37894 | D:14     | Acquired the ring of the Equinox {Fly rF++}
 38061 | D:14     | HP: 2/138 [white ugly thing (29)]
 38644 | D:2      | Bought a potion of mutation for 88 gold pieces
 38911 | Spider:1 | Entered Level 1 of the Spider Nest
 39005 | Spider:1 | Received a gift from Okawaru
 39030 | Spider:1 | Reached skill level 5 in Spellcasting
 39091 | Spider:1 | Identified the ring of Ykuax {*Slow Str-2 Int+10 Slay+4
                  | Stlth+}
 39202 | Spider:1 | Reached XP level 16. HP: 135/145 MP: 24/24
 39340 | Spider:1 | Identified the +1 robe "Udiesin" {Dex+5} (Okawaru gifted it
                  | to you on level 1 of the Spider Nest)
 39340 | Spider:1 | Received a gift from Okawaru
 41762 | Spider:2 | Identified the +3 plate armour of Vlad {Harm rF+ rCorr
                  | Dex-3}
 42552 | Spider:3 | Received a gift from Okawaru
 42929 | Spider:3 | Reached skill level 10 in Evocations
 43302 | Spider:3 | Found a runed translucent gate.
 43302 | Spider:3 | Found a runed translucent gate.
 43302 | Spider:3 | Found a runed translucent gate.
 43307 | Spider:3 | Noticed AmberJosephineLiu's ghost (adept DjGl)
 43307 | Spider:3 | Noticed Appoagin's ghost (journeyman DrIE)
 43308 | Spider:3 | Noticed Vustuapn's ghost (journeyman DDFi)
 43576 | Spider:3 | Learned a level 3 spell: Swiftness
 44075 | Spider:4 | Entered Level 4 of the Spider Nest
 44336 | Spider:4 | Reached skill level 1 in Translocations
 44358 | Spider:4 | Reached skill level 1 in Air Magic
 44492 | Spider:4 | Received a gift from Okawaru
 44521 | Spider:4 | Reached XP level 17. HP: 117/153 MP: 26/26
 44711 | Spider:4 | Noticed Arachne
 46153 | Spider:4 | Killed Arachne
 46594 | Spider:4 | Reached skill level 16 in Fighting
 46883 | Spider:4 | Got a gossamer rune of Zot
 47082 | Spider:3 | Killed AmberJosephineLiu's ghost
 47100 | Spider:3 | Killed Vustuapn's ghost
 47118 | Spider:3 | Killed Appoagin's ghost
 47348 | Lair:1   | Killed fpsbossfight's ghost
 47359 | Lair:1   | Killed ma3's ghost
 47377 | Lair:1   | Killed HoaS's ghost
 47377 | Lair:1   | Received a gift from Okawaru
 47383 | Lair:1   | Killed fpsbossfight's ghost
 47391 | Lair:1   | Killed fpsbossfight's ghost
 47417 | Lair:1   | Got Ymice Bucw's Guide on Malediction and Venom
 47649 | D:3      | Killed Menkaure
 47896 | D:3      | Killed Anon1729's ghost
 48531 | D:14     | Identified the +6 bardiche "Oggagu" {venom, rPois Str+3
                  | Int+2}
 49205 | D:15     | Entered Level 15 of the Dungeon
 49464 | Elf:1    | Entered Level 1 of the Elven Halls
 50059 | Elf:1    | Reached XP level 18. HP: 161/161 MP: 28/28
 50098 | Elf:1    | Reached skill level 5 in Translocations
 50578 | Elf:1    | Paralysed by an air elemental for 1 turns
 50724 | Elf:1    | Acquired 643 gold pieces
 50796 | Elf:1    | Received a gift from Okawaru
 51052 | Elf:1    | Found Qomull's Weapon Shop.
 51114 | Elf:1    | Reached skill level 5 in Air Magic
 51359 | Elf:1    | Paralysed by an air elemental for 1 turns
 51577 | Elf:1    | Got Sif Muna's Collected Works on Creative Combat Magic
 52111 | Elf:2    | Paralysed by an air elemental for 1 turns
 52114 | Elf:2    | Paralysed by an air elemental for 1 turns
 52117 | Elf:2    | Reached skill level 10 in Dodging
 52141 | Elf:2    | Reached skill level 10 in Armour
 52219 | Elf:2    | Found a radiant altar of Vehumet.
 52354 | Elf:2    | Noticed Agnes
 52365 | Elf:2    | Killed Agnes
 53094 | Elf:2    | Found a large runed translucent door.
 53094 | Elf:2    | Found a large runed translucent door.
 53127 | Elf:2    | Found a large runed translucent door.
 53127 | Elf:2    | Found a large runed translucent door.
 53241 | Elf:2    | Noticed Aizul
 53332 | Elf:2    | Killed Aizul
 54410 | Elf:3    | Entered Level 3 of the Elven Halls
 54600 | Elf:3    | Found Werouw's Assorted Antiques.
 54721 | Elf:3    | Noticed Saint Roka
 54744 | Elf:3    | Killed Saint Roka
 54744 | Elf:3    | Received a gift from Okawaru
 55469 | Elf:2    | Reached XP level 19. HP: 120/167 MP: 29/31
 55673 | Elf:3    | Identified the ring "Ymemm" {Fly Str+2 Slay+3}
 56419 | Elf:3    | Identified the amulet of Qean {rF++ Regen+ Slay+3}
 56700 | Elf:3    | Identified the +8 double sword "Yroimm" {vorpal, *Corrode
                  | Str+7 Dex+2}
 57080 | Elf:3    | Identified the +4 mace of Elinlosa {freeze, rF- Will+ SInv}
 57571 | Elf:3    | Identified the +1 lajatang "Cuadofuz" {vorpal, rN+ Dex+2
                  | Stlth+}
 57575 | Elf:3    | Identified the amulet "Cecagac" {RegenMP rPois Str-4 Int+3}
 57678 | Elf:3    | Identified the +1 robe of the Spheres {rC+ rCorr Dex+3}
 57822 | Elf:3    | Identified the ring of Xuarch {rN+ Int+3 Dex+3}
 58123 | Elf:3    | Identified the +3 ring mail of Nypod {Dex+4}
 58193 | Elf:3    | Found the +2 ratskin cloak {*Rats rPois rN+ Str-1 Int-1
                  | Dex+1}
 58603 | Slime:1  | Entered Level 1 of the Pits of Slime
 58770 | Slime:1  | Received a gift from Okawaru
 59207 | Slime:1  | Gained mutation: Your body sometimes deteriorates upon
                  | taking damage. [a shining eye]
 59235 | Slime:3  | Gained mutation: Your body often deteriorates upon taking
                  | damage. [a shining eye]
 59787 | Slime:3  | Reached XP level 20. HP: 177/177 MP: 28/33
 59979 | Slime:5  | Entered Level 5 of the Pits of Slime
 60404 | Slime:5  | Noticed Dissolution
 60423 | Slime:5  | Killed Dissolution
 60423 | Slime:5  | Identified the +2 pair of gloves of Okawaru's Grace {Str+3}
                  | (Okawaru gifted it to you on level 5 of the Pits of Slime)
 60423 | Slime:5  | Received a gift from Okawaru
 60424 | Slime:5  | Reached skill level 10 in Spellcasting
 60434 | Slime:5  | Reached skill level 17 in Fighting
 60803 | Slime:5  | Noticed the Royal Jelly
 61021 | Slime:5  | Found a viscous altar of Jiyva.
 61023 | Slime:5  | Found the +6 lightning scales {swift rElec}
 61212 | Slime:5  | Killed the Royal Jelly
 61213 | Slime:5  | Reached skill level 18 in Fighting
 61340 | Slime:5  | Identified the +10 dagger of Defiance {holy, Str+3}
 61342 | Slime:5  | Got a slimy rune of Zot
 61345 | Slime:5  | Identified the +1 plate armour of Dysoilag {-Cast rElec
                  | Str+3 Dex+6}
 61372 | Slime:5  | Identified the +5 hand axe "Xuypp" {flame, rElec rC+++
                  | Will+ Int-2}
 61377 | Slime:5  | Identified the amulet "Bomeoles" {Reflect Will+ Dex+4
                  | Slay+2 SH+5}
 61386 | Slime:5  | Got the Reference Book on Stones and Toxins
 61463 | Slime:5  | Identified the ring of Obsession {rElec rPois rF+ Will++
                  | rCorr Str-3}
 61616 | Shoals:1 | Entered Level 1 of the Shoals
 61934 | Shoals:1 | Noticed Josephine
 61973 | Shoals:1 | Killed Josephine
 62209 | Shoals:1 | Noticed Nikola
 62257 | Shoals:1 | Killed Nikola
 62257 | Shoals:1 | Identified the +2 barding of the Dragon {-Cast Regen+
                  | Str+7} (Okawaru gifted it to you on level 1 of the Shoals)
 62257 | Shoals:1 | Received a gift from Okawaru
 63249 | Shoals:2 | Lost mutation: Your body often deteriorates upon taking
                  | damage. [potion of mutation]
 63249 | Shoals:2 | Gained mutation: You are clumsy. (Dex -2) [potion of
                  | mutation]
 63249 | Shoals:2 | Gained mutation: You have large cloven feet. [potion of
                  | mutation]
 63250 | Shoals:2 | Lost mutation: You are clumsy. (Dex -2) [potion of
                  | mutation]
 63250 | Shoals:2 | Lost mutation: Your body sometimes deteriorates upon taking
                  | damage. [potion of mutation]
 63250 | Shoals:2 | Lost mutation: You have large cloven feet. [potion of
                  | mutation]
 63250 | Shoals:2 | Gained mutation: You are weak. (Str -2) [potion of
                  | mutation]
 63357 | Shoals:3 | Reached XP level 21. HP: 119/191 MP: 35/35
 63749 | Shoals:3 | Found the -2 hat of the Alchemist {rElec rPois rF+ rC+ rN+
                  | Will+ rMut rCorr}
 63833 | Shoals:3 | Reached skill level 19 in Fighting
 64853 | Shoals:3 | Acquired a +0 eveningstar of protection
 64862 | Shoals:4 | Entered Level 4 of the Shoals
 64918 | Shoals:4 | Received a gift from Okawaru
 64971 | Shoals:4 | Noticed Polyphemus
 65024 | Shoals:4 | Killed Polyphemus
 66291 | Shoals:4 | Noticed Mara
 66292 | Shoals:4 | Noticed ABBCCCDDDD's illusion
 66938 | Shoals:4 | Got a barnacled rune of Zot
 67314 | Shoals:2 | Reached skill level 20 in Fighting
 68313 | Vaults:1 | Entered Level 1 of the Vaults
 68458 | Vaults:1 | Reached skill level 1 in Necromancy
 68472 | Vaults:1 | HP: 5/292 [vault warden (27)]
 68472 | Vaults:1 | HP: 2/292 [vault warden (3)]
 69562 | Vaults:1 | Reached XP level 22. HP: 195/203 MP: 31/36
 69638 | Vaults:1 | Identified the +0 pair of gloves of Miracles {Rampage Str+3
                  | Int+4}
 70587 | Vaults:2 | Identified the +0 spear of Wrongful Imprisonment {vorpal,
                  | Fly rN+++ MP+9 Int-4} (Okawaru gifted it to you on level 2
                  | of the Vaults)
 70587 | Vaults:2 | Received a gift from Okawaru
 70843 | Vaults:2 | Found a staircase to the Crypt.
 73004 | Vaults:3 | Reached skill level 10 in Shields
 73247 | Vaults:3 | Noticed Asterion
 73289 | Vaults:3 | Killed Asterion
 73606 | Vaults:3 | Received a gift from Okawaru
 74461 | Vaults:3 | Reached XP level 23. HP: 212/212 MP: 37/37
 74482 | Vaults:3 | Noticed Bai Suzhen
 74511 | Vaults:3 | Killed Bai Suzhen
 75032 | Vaults:4 | Reached XP level 24. HP: 215/220 MP: 37/37
 76948 | Vaults:4 | Received a gift from Okawaru
 77608 | D:15     | Noticed Nessos
 77612 | D:15     | Killed Nessos
 78308 | D:15     | Noticed Rupert
 78317 | D:15     | Killed Rupert
 78318 | D:15     | Reached skill level 21 in Fighting
 78565 | D:15     | Found a staircase to the Depths.
 78612 | Depths:1 | Entered Level 1 of the Depths
 78842 | Depths:1 | Reached skill level 15 in Shields
 79073 | Depths:1 | Found a portal to a secret trove of treasure.
 79120 | Depths:1 | Found a magical portal.
 79129 | WizLab   | Entered Doroklohe's Tomb
 79664 | WizLab   | Noticed a dread lich
 79683 | WizLab   | Killed a dread lich
 80403 | Depths:1 | Found an iron altar of Okawaru.
 80429 | Depths:1 | Received a gift from Okawaru
 80644 | Depths:1 | Found a one-way gate leading to the halls of Pandemonium.
 80986 | Depths:2 | Received a gift from Okawaru
 81041 | Depths:2 | Found a gateway to a ziggurat.
 81179 | Depths:2 | Reached XP level 25. HP: 231/231 MP: 37/37
 81646 | Depths:2 | Reached skill level 22 in Fighting
 81783 | Depths:2 | Reached skill level 15 in Evocations
 82567 | Depths:3 | Received a gift from Okawaru
 82611 | Depths:3 | Paralysed by a floating eye for 4 turns
 83023 | Depths:3 | Identified the +5 plate armour of Blue Curiosity {Rampage
                  | +Blink +Inv Int+2 Dex-2}
 83290 | Depths:3 | Identified the +8 hand axe "Beonn" {flame, Will+++ rCorr
                  | MP-9 Int+4}
 84135 | Depths:4 | Received a gift from Okawaru
 84578 | Depths:4 | Received a gift from Okawaru
 84749 | Depths:4 | Found a glowing silver altar of Zin.
 84754 | Depths:4 | Paralysed by a floating eye for 4 turns
 85499 | Depths:4 | Found a one-way gate to the infinite horrors of the Abyss.
 85601 | Depths:4 | Reached XP level 26. HP: 152/242 MP: 31/37
 85612 | Depths:4 | Reached skill level 23 in Fighting
 85955 | Depths:4 | Acquired the +0 pair of gloves of Vehumet's Outrage {rC++
                  | rN+ MP-9 Dex+2}
 86571 | Depths:4 | Lost mutation: You are weak. (Str -2) [potion of mutation]
 86571 | Depths:4 | Gained mutation: Your natural rate of healing is unusually
                  | fast. [potion of mutation]
 86571 | Depths:4 | Gained mutation: You are resistant to electric shocks.
                  | (rElec) [potion of mutation]
 86578 | Depths:5 | Entered Level 5 of the Depths
 86611 | Depths:5 | Noticed Boris
 86759 | Depths:5 | Found Feetidik's Elemental Accessories.
 86847 | Depths:5 | Noticed a juggernaut
 86868 | Depths:5 | Killed a juggernaut
 86949 | Depths:5 | Killed Boris
 87237 | Depths:5 | Learned a level 2 spell: Blink
 87369 | Depths:5 | Identified the +0 helmet of Patience {rElec} (Okawaru
                  | gifted it to you on level 5 of the Depths)
 87369 | Depths:5 | Received a gift from Okawaru
 87559 | Depths:5 | Found a gate to the Realm of Zot.
 88177 | Zot:1    | Entered Level 1 of the Realm of Zot
 88235 | Zot:1    | Reached skill level 5 in Necromancy
 88531 | Zot:1    | Reached skill level 15 in Armour
 88550 | Zot:1    | Reached skill level 15 in Dodging
 89120 | Zot:1    | Reached skill level 10 in Translocations
 89582 | Zot:2    | Found a huge runed gate.
 89582 | Zot:2    | Found a huge runed gate.
 89583 | Zot:2    | Found a huge runed gate.
 89583 | Zot:2    | Found a huge runed gate.
 89583 | Zot:2    | Found a huge runed gate.
 89583 | Zot:2    | Found a huge runed gate.
 89583 | Zot:2    | Found a huge runed gate.
 89585 | Zot:2    | Found a huge runed gate.
 89588 | Zot:2    | Found a huge runed gate.
 89588 | Zot:2    | Found a huge runed gate.
 89588 | Zot:2    | Found a huge runed gate.
 89588 | Zot:2    | Found a huge runed gate.
 89588 | Zot:2    | Found a huge runed gate.
 89588 | Zot:2    | Found a huge runed gate.
 89588 | Zot:2    | Found a huge runed gate.
 89595 | Zot:2    | Found a huge runed gate.
 89596 | Zot:2    | Found a huge runed gate.
 89605 | Zot:2    | Found a huge runed gate.
 89605 | Zot:2    | Found a huge runed gate.
 89605 | Zot:2    | Found a huge runed gate.
 89605 | Zot:2    | Found a huge runed gate.
 89605 | Zot:2    | Found a huge runed gate.
 89710 | Zot:2    | Received a gift from Okawaru
 90196 | Zot:2    | Reached XP level 27. HP: 238/252 MP: 37/37
 90317 | Zot:2    | Learned a level 4 spell: Passage of Golubria
 90479 | Zot:3    | Noticed an orb of fire
 90524 | Zot:3    | Killed an orb of fire
 90547 | Zot:3    | Reached skill level 10 in Necromancy
 91221 | Zot:3    | Noticed an ancient lich
 91231 | Zot:3    | Noticed an ancient lich
 91252 | Zot:3    | Noticed Roxtikhle's ghost (legendary OgGl)
 91262 | Zot:3    | Found a transporter.
 91264 | Zot:3    | Found the +8 demon trident "Rift" {distort, reach+}
 91287 | Zot:4    | Received a gift from Okawaru
 91595 | Zot:3    | Found a transporter.
 92689 | Zot:3    | Received a gift from Okawaru
 93050 | Zot:4    | Identified the +2 hand crossbow of the Glowing Soothsayer
                  | {penet, *Corrode rF+ Dex+2} (Okawaru gifted it to you on
                  | level 4 of the Realm of Zot)
 93050 | Zot:4    | Received a gift from Okawaru
 93146 | Zot:4    | Found the +3 salamander hide armour {Flames rF++ rC--}
 93660 | Zot:5    | Entered Level 5 of the Realm of Zot
 94076 | Zot:4    | Reached skill level 24 in Fighting
 94331 | Zot:5    | Received a gift from Okawaru
 94554 | Zot:5    | Noticed an ancient lich
 94570 | Zot:5    | Killed an ancient lich
 94622 | Zot:5    | Noticed an orb of fire
 94628 | Zot:5    | Noticed an orb of fire
 94635 | Zot:5    | Noticed an orb of fire
 94640 | Zot:5    | Gained mutation: You are weak. (Str -2) [an orb of fire]
 94642 | Zot:5    | Gained mutation: You are clumsy. (Dex -2) [an orb of fire]
 94656 | Zot:5    | Gained mutation: You are very weak. (Str -4) [mutagenic
                  | glow]
 94671 | Zot:5    | Lost mutation: You are clumsy. (Dex -2) [an orb of fire]
 94675 | Zot:5    | Killed an orb of fire
 94676 | Zot:5    | Gained mutation: You have large cloven feet. [an orb of
                  | fire]
 94688 | Zot:5    | Killed an orb of fire
 94697 | Zot:5    | Lost mutation: Your natural rate of healing is unusually
                  | fast. [mutagenic glow]
 94702 | Zot:5    | Killed an orb of fire
 94946 | Zot:5    | Noticed a dread lich
 94974 | Zot:5    | Killed a dread lich
 94995 | Zot:5    | Noticed an orb of fire
 95009 | Zot:5    | Noticed an ancient lich
 95011 | Zot:5    | Noticed an orb of fire
 95041 | Zot:5    | Gained mutation: You occasionally shout uncontrollably at
                  | your foes. [an orb of fire]
 95049 | Zot:5    | Gained mutation: You passively map a small area around you.
                  | [an orb of fire]
 95054 | Zot:5    | Killed an orb of fire
 95067 | Zot:5    | Killed an ancient lich
 95216 | Zot:5    | Received a gift from Okawaru
 95269 | Zot:5    | Noticed an orb of fire
 95269 | Zot:5    | Noticed an orb of fire
 95269 | Zot:5    | Gained mutation: Your magical capacity is low. (-10% MP)
                  | [an orb of fire]
 95269 | Zot:5    | Gained mutation: You sometimes lose the ability to read
                  | scrolls when taking damage. [an orb of fire]
 95275 | Zot:5    | Lost mutation: Your magical capacity is low. (-10% MP) [an
                  | orb of fire]
 95291 | Zot:5    | Gained mutation: You tend to lose your temper in combat.
                  | [an orb of fire]
 95323 | Zot:5    | Gained mutation: Your body sometimes deteriorates upon
                  | taking damage. [an orb of fire]
 95341 | Zot:5    | Gained mutation: You are frail. (-10% HP) [an orb of fire]
 95353 | Zot:5    | Killed an orb of fire
 95354 | Zot:5    | Reached skill level 15 in Necromancy
 95365 | Zot:5    | Gained mutation: Potions are less effective at restoring
                  | your health. [an orb of fire]
 95380 | Zot:5    | Killed an orb of fire
 95429 | Zot:4    | Lost mutation: You sometimes lose the ability to read
                  | scrolls when taking damage. [potion of mutation]
 95429 | Zot:4    | Lost mutation: Your body sometimes deteriorates upon taking
                  | damage. [potion of mutation]
 95429 | Zot:4    | Lost mutation: You are very weak. (Str -4) [potion of
                  | mutation]
 95429 | Zot:4    | Lost mutation: You are frail. (-10% HP) [potion of
                  | mutation]
 95564 | Zot:4    | Lost mutation: You passively map a small area around you.
                  | [potion of mutation]
 95564 | Zot:4    | Lost mutation: You have large cloven feet. [potion of
                  | mutation]
 95564 | Zot:4    | Lost mutation: You tend to lose your temper in combat.
                  | [potion of mutation]
 95564 | Zot:4    | Gained mutation: You can roll at foes to attack. [potion of
                  | mutation]
 95600 | Zot:5    | Noticed an orb of fire
 95649 | Zot:5    | Killed an orb of fire
 95700 | Zot:5    | Gained mutation: You are clumsy. (Dex -2) [an orb of fire]
 95714 | Zot:5    | Killed an orb of fire
 96261 | Zot:5    | Noticed an orb of fire
 96264 | Zot:5    | Gained mutation: Potions cannot restore your health. [an
                  | orb of fire]
 96281 | Zot:5    | Gained mutation: Your magical capacity is low. (-10% MP)
                  | [an orb of fire]
 96313 | Zot:5    | Killed an orb of fire
 96366 | Zot:5    | Lost mutation: You are resistant to electric shocks.
                  | (rElec) [potion of mutation]
 96366 | Zot:5    | Lost mutation: You are weak. (Str -2) [potion of mutation]
 96366 | Zot:5    | Gained mutation: Your mind is acute. (Int +2) [potion of
                  | mutation]
 96367 | Zot:5    | Lost mutation: You are clumsy. (Dex -2) [potion of
                  | mutation]
 96367 | Zot:5    | Lost mutation: Your magical capacity is low. (-10% MP)
                  | [potion of mutation]
 96367 | Zot:5    | Gained mutation: You possess an exceptional clarity of
                  | mind. [potion of mutation]
 96367 | Zot:5    | Gained mutation: You are agile. (Dex +2) [potion of
                  | mutation]
 96368 | Zot:5    | Lost mutation: Your mind is acute. (Int +2) [potion of
                  | mutation]
 96368 | Zot:5    | Lost mutation: You possess an exceptional clarity of mind.
                  | [potion of mutation]
 96368 | Zot:5    | Lost mutation: You occasionally shout uncontrollably at
                  | your foes. [potion of mutation]
 96378 | Zot:5    | Got the Orb of Zot
 96498 | Depths:5 | Noticed Wuuzehus the pandemonium lord
 96685 | Depths:1 | Noticed Foschar the pandemonium lord
 96705 | Depths:1 | Cast into level 3 of the Abyss (Foschar)
 96850 | Abyss:3  | Identified the +0 barding of Cosipt {rC+++ Regen+ Str-3
                  | Int-2} (Okawaru gifted it to you on level 3 of the Abyss)
 96850 | Abyss:3  | Received a gift from Okawaru
 97216 | Depths:1 | Escaped the Abyss
 97757 | D:$      | Escaped with the Orb!

Illustrated notes

Levels and vault maps discovered:
D:1:      ebering_trefoil_3fold, layout_rooms
D:2:      layout_basic, basic_ecumenical_altar, basic_altar, serial_shops,
          nicolae_shop_trees, uniq_terence
D:3:      layout_rooms, general_overflow_altar,
          nicolae_yredelemnul_ghost_church, chequers_serial_rivers_micro_e
D:4:      layout_cave_pods, minmay_temple_entry_from_below_a, st_stairs_13,
          minmay_fractal_squares_5, uniq_natasha, uniq_pikel, uniq_menkaure
D:5:      layout_loops_corners, lemuel_round_altar, chequers_big_river
D:6:      layout_gridville, slow_altar_1, trog_book,
          chequers_serial_rivers_micro_c
D:7:      layout_loops_cross, minitemple, overflow_temple_1_default,
          kennysheep_mini, minmay_misc_feat_pillars
D:8:      layout_rooms, grunt_temple_overflow_gold_and_silver,
          nicolae_ashenzari_skybound, lemuel_round_altar,
          grunt_lair_entry_orc_guard_hut
D:9:      layout_cave_pods, old_standard_altar, nicolae_overflow_crystal_walls,
          orc_0_dummy, serial_shops, nicolae_square_shop, minivault_16
D:10:     layout_big_octagon, serial_shops, shop_fountains, uniq_maurice,
          uniq_harold
D:11:     layout_gridville, serial_rivers, chequers_serial_rivers_large_a,
          chequers_serial_rivers_micro_d, chequers_serial_rivers_small_b,
          chequers_serial_rivers_room_a, chequers_serial_rivers_large_b,
          uniq_erica
D:12:     layout_gridville
D:13:     cheibrodos_shockbox, layout_loops_ring,
          lightli_vaults_fourway_checkpoint, portal_ice_cave_rime, uniq_snorg,
          uniq_sonja, uniq_kirke
D:14:     minmay_concentric_multi, layout_rooms, grunt_decor_one_mirror,
          gauntlet_entry_generic, kennysheep_generic_room_14
D:15:     grunt_enter_depths_snipers, layout_irregular_city, uniq_nessos,
          uniq_rupert
Temple:   corrupted_temple
Lair:1:   lemuel_ratsnest, layout_gridlike, gammafunk_ghost_cemetery
Lair:2:   layout_regular_city, nicolae_quartered_pool_little
Lair:3:   layout_gridlike, nicolae_spider_entry_orb_guardian,
          lightli_volcano_entry_magma_tube, uniq_fannar, uniq_nergalle
Lair:4:   layout_regular_city, shoals_dummy_entry
Lair:5:   layout_regular_city
Lair:6:   evil_forest, layout_regular_city, dpeg_slime_entry_enclosed_altar
Shoals:1: layout_shoals, uniq_nikola, uniq_josephine
Shoals:2: layout_shoals
Shoals:3: layout_shoals
Shoals:4: shoals_end_hangedman, layout_shoals, nicolae_shoals_shepherds,
          uniq_mara, uniq_polyphemus
Spider:1: layout_spider_delve
Spider:2: layout_chambers, worms_lemuel
Spider:3: cheibrodos_forgotten_conduit, gammafunk_ghost_cemetery,
          nicolae_spider_orb_run
Spider:4: grunt_spider_rune_circles, uniq_arachne
Slime:1:  layout_caves
Slime:2:  layout_caves
Slime:3:  layout_caves
Slime:4:  cheibrodos_slime_lost_civilization_1, layout_caves
Slime:5:  uniq_dissolution
Orc:1:    layout_caves
Orc:2:    grunt_orc_gardens, layout_diamond_mine, grunt_orc_garden,
          grunt_orc_garden, grunt_orc_garden, grunt_orc_garden
Elf:1:    eino_elf_arrival_sip, layout_gridlike, special_room
          [special_room_mythical_zoo], serial_shops, shop, minmay_elf_sorcery,
          nicolae_wwwww
Elf:2:    layout_onion_city, basic_altar, drop_trap, uniq_agnes, uniq_aizul
Elf:3:    minmay_elf_hall_not_hex, layout_geoelf_octagon, serial_shops,
          nicolae_shop_crystal, uniq_saint_roka
Vaults:1: st_quartered_hall, nicolae_vaults_little_squares_6, v_pattern_4,
          v_misc_26, hangedman_vaults_slither, vaults_room_fours,
          layout_vaults_omnigrid
Vaults:2: nicolae_vaults_what_the_h, v_misc_33, v_misc_14, st_cross,
          vaults_room_grid, minmay_crypt_entry_vampire_xt,
          hangedman_vaults_stitches, nicolae_vaults_ninety_degrees,
          ontoclasm_vaults_pinch, vaults_room_ringed_pool, v_misc_17,
          vaults_standard_mumra_x, nicolae_vaults_yaktaur_gun_rack,
          nicolae_vaults_little_squares_4, ontoclasm_vaults_twist,
          layout_vaults_maze
Vaults:3: vaults_room_boxed, ontoclasm_vaults_ring_large, v_pattern_3,
          hangedman_vaults_pinch, v_misc_3, v_misc_22,
          ontoclasm_vaults_decontamination, ontoclasm_vaults_loading_screen,
          nicolae_vaults_twisting_passages, vaults_room_grid,
          layout_vaults_omnicross, uniq_bai_suzhen, uniq_asterion
Vaults:4: grunt_vaults_hallway_long, vaults_room_fancy_cross,
          nicolae_vaults_windows_and_doors_thing, nicolae_vaults_quadrants,
          nicolae_vaults_three_branches, vaults_mumra_minichess_inversion,
          ontoclasm_vaults_bender, vaults_room_grid, grunt_vaults_hallway_long,
          hangedman_vaults_stream, v_rooms_1, nicolae_vaults_specimen_jars,
          ontoclasm_vaults_claustrophobia, nicolae_vaults_puzzle_piece,
          nicolae_vaults_little_squares_3, layout_vaults_omnibox
Depths:1: layout_cave_pools, rand_demon_pan_entry_3,
          nicolae_trove_entry_crossroad, okawaru_gym_becter, mu_enter_wizlab_3,
          hell_entry, minmay_protected_statue
Depths:2: minmay_ornate_pinched, layout_cave_shapes, enter_ziggurat_e,
          grunt_hell_entry_dis_old, glass_columns_c
Depths:3: minmay_inside_and_out, layout_honeycomb, hangedman_decor_peaks_small,
          hell_entry, pan_entry
Depths:4: minmay_chopped_fan, layout_gridlike, minmay_staircase_windowed_small,
          abyss_entry_crystal, grunt_hell_entry_demonic_statue, pan_entry,
          zin_statuary, serial_bayou_shore_b
Depths:5: evilmike_zot_entry_hall, layout_cave_shapes, hell_entry,
          chequers_jeans, nicolae_elemental_shop, serial_bayou_shore_b,
          uniq_boris
Zot:1:    layout_onion_interference
Zot:2:    layout_misc_corridors, not_door_vault_due
Zot:3:    layout_concentric_octagons, gammafunk_ghost_abyssal_escape,
          zot_minivault_5
Zot:4:    layout_misc_corridors, st_large_dragon_hoard_4, grunt_megastairs_2
Zot:5:    layout_misc_corridors

Skill      XL: |  1  2  3  4  5  6  7  8  9 10 11 12 13 14 15 16 17 18 19 20 21 22 23 24 25 26 27 |
---------------+----------------------------------------------------------------------------------+-----
Maces & Flails | 3 4 5 6 7 9 10 11 12 | 12.9
Fighting       | 4 5 6 8 9 11 12 13 14 15 16 18 20 21 22 23 24 | 24.8
Shields        | 3 4 5 6 8 9 11 12 15 | 15.0
Invocations    | 3 4 6 9 11 12 | 12.0
Evocations     | 2 5 6 9 10 11 12 13 16 | 16.0
Dodging        | 1 4 5 7 8 9 10 11 12 13 14 15 17 | 17.2
Armour         | 3 5 7 8 9 10 11 12 13 14 15 17 | 17.2
Spellcasting   | 5 7 8 9 10 | 10.0
Translocations | 1 4 7 10 14 | 14.0
Air Magic      | 1 4 6 7 |  7.0
Necromancy     | 2 4 9 16 | 16.6

Action                   |  1- 3 |  4- 6 |  7- 9 | 10-12 | 13-15 | 16-18 | 19-21 | 22-24 | 25-27 || total
-------------------------+-------+-------+-------+-------+-------+-------+-------+-------+-------++-------
Melee: Flail             |    94 |       |       |       |       |       |       |       |       ||    94
       Tailslap          |     4 |    16 |    66 |   168 |   384 |   395 |   543 |   444 |  1090 ||  3110
       Mace              |     1 |   129 |    30 |   750 |   963 |       |       |       |       ||  1873
       Whip              |       |       |   282 |   269 |       |       |       |       |       ||   551
       Demon whip        |       |       |       |       |   750 |  1890 |  2329 |  1807 |  3993 || 10769
       Kick              |       |       |       |       |       |       |       |       |    91 ||    91
Throw: Javelin           |       |     3 |     3 |       |       |       |       |       |       ||     6
       Stone             |       |       |     4 |     7 |    22 |     2 |       |       |       ||    35
       Throwing net      |       |       |       |       |       |       |       |       |     1 ||     1
 Cast: Apportation       |       |       |       |       |       |       |       |     3 |     4 ||     7
       Passage of Golubr |       |       |       |       |       |       |       |       |     5 ||     5
       Blink             |       |       |       |       |       |       |       |       |     1 ||     1
Invok: Heroism           |       |       |       |    24 |    36 |    14 |    10 |     7 |    27 ||   118
       Finesse           |       |       |       |     3 |     9 |    22 |    26 |    18 |    36 ||   114
 Abil: Rolling Charge    |       |       |     1 |     1 |       |     1 |       |       |       ||     3
Evoke: Wand              |       |       |       |    10 |    11 |    13 |    18 |     2 |     4 ||    58
       Tin of tremorston |       |       |       |       |       |     2 |     2 |       |     2 ||     6
       Condenser vane    |       |       |       |       |       |     1 |     1 |       |     1 ||     3
       Phantom mirror    |       |       |       |       |       |       |     1 |     1 |       ||     2
       Piece from Xom's  |       |       |       |       |       |       |     1 |       |       ||     1
       Lightning rod     |       |       |       |       |       |       |       |       |     2 ||     2
  Use: Scroll            |     1 |       |       |    11 |    14 |     7 |    14 |    16 |     9 ||    72
       Potion            |     1 |       |       |     2 |     2 |     1 |    12 |     1 |    13 ||    32
 Stab: Paralysed         |       |       |       |     7 |     4 |     6 |     8 |       |       ||    25
       Held in net/web   |       |       |       |       |       |     4 |       |       |       ||     4
       Petrified         |       |       |       |       |       |       |    10 |       |       ||    10
       Distracted        |       |       |       |       |       |       |       |     1 |       ||     1
       Confused          |       |       |       |       |       |       |       |       |     1 ||     1
       Invisible         |       |       |       |       |       |       |       |       |     1 ||     1
Armor: Scale mail        |    20 |       |       |       |       |       |       |       |       ||    20
       Plate armour      |    35 |    22 |       |   202 |   430 |   584 |   779 |   343 |       ||  2395
       Chain mail        |       |    50 |   103 |    61 |       |       |       |       |       ||   214
       Gold dragon scale |       |       |       |       |       |       |       |    72 |  1025 ||  1097
Dodge: Dodged            |    16 |    26 |    34 |   198 |   371 |   431 |   345 |   138 |   377 ||  1936
Block: Kite shield       |    42 |    70 |   106 |   474 |   673 |   720 |  1103 |   174 |       ||  3362
       Reflection        |       |       |       |       |       |       |    87 |    66 |    29 ||   182
       Tower shield      |       |       |       |       |       |       |       |   821 |  2397 ||  3218

Table legend: (Time is in decaauts)
 A = Elapsed time spent in this place.
 B = Non-inter-level travel time spent in this place.
 C = Inter-level travel time spent in this place.
 D = Time resting spent in this place.
 E = Time spent auto-exploring this place.
 F = Levels seen in this place.
 G = Mean time per level.
                   A        B        C        D        E       F      G
               +--------+--------+--------+--------+--------+-----+--------+
         Total |  89762 |  84356 |   5406 |  29693 |  32938 |  58 | 1547.6 |
       Dungeon |  23501 |  20870 |   2631 |   6895 |   9903 |  15 | 1566.7 |
        Temple |     61 |     46 |     15 |      0 |     27 |   1 |   61.0 |
          Lair |  12289 |  11406 |    883 |   3989 |   5018 |   6 | 2048.2 |
        Shoals |   5548 |   5384 |    164 |   2364 |   1114 |   4 | 1387.0 |
   Spider Nest |   7677 |   7448 |    229 |   2542 |   3254 |   4 | 1919.2 |
    Slime Pits |   2541 |   2476 |     65 |   1008 |      7 |   5 |  508.2 |
  Orcish Mines |   6379 |   6034 |    345 |   3867 |    873 |   2 | 3189.5 |
   Elven Halls |   8435 |   8256 |    179 |   4395 |   2311 |   3 | 2811.7 |
        Vaults |   7703 |   7372 |    331 |   1730 |   4191 |   4 | 1925.8 |
        Depths |   7542 |   7120 |    422 |    939 |   4258 |   5 | 1508.4 |
           Zot |   6338 |   6200 |    138 |   1369 |   1979 |   5 | 1267.6 |
         Abyss |    375 |    375 |      0 |     26 |      0 |   1 |  375.0 |
      Ice Cave |    214 |    214 |      0 |    100 |      0 |   1 |  214.0 |
       Volcano |    282 |    282 |      0 |     27 |      0 |   1 |  282.0 |
        Wizlab |    871 |    871 |      0 |    437 |      0 |   1 |  871.0 |
               +--------+--------+--------+--------+--------+-----+--------+

Top non-repeatable levels by time:
   Orc:1: 4503 daAuts
   Elf:2: 3794 daAuts
   Elf:1: 2778 daAuts
  Lair:6: 2753 daAuts
     D:9: 2691 daAuts
  Lair:1: 2406 daAuts
  Lair:3: 2314 daAuts
Depths:4: 2277 daAuts
Vaults:4: 2227 daAuts
Spider:3: 2220 daAuts
  Lair:2: 2147 daAuts
    D:13: 2147 daAuts
Spider:2: 2144 daAuts
     D:2: 2103 daAuts
Spider:4: 2090 daAuts
